 Dungeon Crawl Stone Soup version 0.28.0-45-g0d030f2227 (webtiles) character file.

Game seed: 10887148846493496022

25 Ablot the Grasshopper (level 3, 0/31 HPs)
             Began as a Gnoll Warper on Apr 7, 2022.
             Slain by a gnoll
             ... wielding a +0 halberd
              (12 damage)
             ... on level 2 of the Dungeon.
             The game lasted 00:01:17 (1100 turns).

Ablot the Grasshopper (Gnoll Warper)                Turns: 1100, Time: 00:01:17

Health: 0/31       AC:  3    Str: 12    XL:     3   Next: 4%
Magic:  9/9        EV: 12    Int: 12    God:
Gold:   12         SH:  0    Dex: 11    Spells: 9/11 levels left

rFire   . . .      SeeInvis .   a - +0 spear
rCold   . . .      Faith    .   (no shield)
rNeg    . . .      Spirit   .   b - +0 leather armour
rPois   .          Reflect  .   (no helmet)
rElec   .          Harm     .   (no cloak)
rCorr   .          Rampage  .   (no gloves)
Will    .....                   (no boots)
Stlth   +.........              (no amulet)
HPRegen 0.10/turn               (no ring)
MPRegen 0.11/turn               (no ring)

@: no status effects
A: fangs 1, strong nose, distributed training
a: no special abilities


You were on level 2 of the Dungeon.
You visited 1 branch of the dungeon, and saw 2 of its levels.

You collected 12 gold pieces.

Inventory:

Hand Weapons
 a - a +0 spear (weapon)
Missiles
 d - 5 boomerangs of dispersal (quivered)
 e - 29 arrows
 g - 27 stones
 h - 28 sling bullets
Armour
 b - a +0 leather armour (worn)
Scrolls
 c - a scroll of blinking
 j - a scroll of teleportation {unknown}
Potions
 f - a potion of curing {unknown}
 i - a potion of attraction {unknown}


   Skills:
 + Level 4.5 Fighting
 + Level 0.5 Short Blades
 + Level 0.5 Long Blades
 + Level 0.5 Axes
 + Level 0.5 Maces & Flails
 + Level 4.5 Polearms
 + Level 0.5 Staves
 + Level 0.5 Slings
 + Level 0.5 Bows
 + Level 0.5 Crossbows
 + Level 2.5 Throwing
 + Level 2.5 Armour
 + Level 4.5 Dodging
 + Level 0.5 Stealth
 + Level 0.5 Shields
 + Level 0.5 Unarmed Combat
 + Level 4.9 Spellcasting
 + Level 0.4 Conjurations
 + Level 0.4 Hexes
 + Level 0.4 Summonings
 + Level 0.4 Necromancy
 + Level 5.4 Translocations
 + Level 0.4 Transmutations
 + Level 0.4 Fire Magic
 + Level 0.4 Ice Magic
 + Level 0.4 Air Magic
 + Level 0.4 Earth Magic
 + Level 0.4 Poison Magic
 + Level 0.7 Invocations
 + Level 0.5 Evocations


You had 9 spell levels left.
You knew the following spells:

 Your Spells              Type           Power      Damage    Failure   Level
a - Blink                 Tloc           30%        N/A       4%          2

Your spell library contained the following spells:

 Spells                   Type           Power      Damage    Failure   Level
 Gell's Gravitas          Tloc           15%        N/A       9%          3
 Lesser Beckoning         Tloc           15%        N/A       9%          3
 Teleport Other           Tloc           15%        N/A       9%          3
 Manifold Assault         Tloc           15%        N/A       61%         5


Dungeon Overview and Level Annotations

Branches:
Dungeon (1/15)

Altars:

Shops:
D:1 :


Innate Abilities, Weirdness & Mutations

You have very sharp teeth.
Your uncanny sense of smell can sniff out nearby items.
Your experience applies equally to all skills.


Message History

The kobold throws a stone.
The stone hits you.
You closely miss the kobold. The kobold hits you but does no damage.
You barely miss the kobold. The gnoll barely misses you.
The kobold barely misses you.
You hit the kobold.
You kill the kobold!
The gnoll closely misses you.
You reach to attack!
You hit the gnoll but do no damage. The gnoll closely misses you.
You reach to attack!
You closely miss the gnoll.
The gnoll hits you from afar with a +0 halberd.
You reach to attack!
You hit the gnoll but do no damage.
The gnoll hits you from afar with a +0 halberd.
You reach to attack!
You hit the gnoll.
The gnoll is moderately wounded.
You reach to attack!
You closely miss the gnoll.
The gnoll is moderately wounded.
The gnoll hits you from afar with a +0 halberd.
You reach to attack!
You hit the gnoll but do no damage.
The gnoll is moderately wounded.
The gnoll barely misses you.
You reach to attack!
You hit the gnoll.
The gnoll is severely wounded.
The gnoll hits you from afar with a +0 halberd!
You are too injured to fight recklessly!
You are too injured to fight recklessly!
You are too injured to fight recklessly!
You are too injured to fight recklessly!
You are too injured to fight recklessly!
You are too injured to fight recklessly!
You are too injured to fight recklessly!
You are too injured to fight recklessly!
You are too injured to fight recklessly!
Reach: a) +0 spear
Press: ? - help, Dir - move target, f/p - gnoll
Aim: a gnoll, wielding a +0 halberd (severely wounded, about 34% to evade your +0 spear)
You reach to attack!
You barely miss the gnoll.
The gnoll is severely wounded.
The gnoll hits you from afar with a +0 halberd!
You die...

#. ....... #.
#........ #.
#........ #.
#........ #.
#........ #.
#........
#.#####........
#..@)ggg.......
#######.###### #
######$######.####
#........g...g.gg.
.(........#)##.#####
##.###>.............
#. .....#.#.##.#####
#..###.#.# # ....
#.#.#


You could see 3 gnolls.

Vanquished Creatures
  A dart slug (D:1)
  3 endoplasms (D:1)
  4 jackals (D:1)
  2 kobolds
  A quokka (D:1)
  2 ball pythons (D:1)
  2 bats (D:1)
  A frilled lizard (D:1)
  2 goblins
  3 rats (D:1)
21 creatures vanquished.

Notes
Turn   | Place    | Note
-------+----------+-------------------------------------------
     0 | D:1      | Ablot the Gnoll Warper began the quest for the Orb.
     0 | D:1      | Reached XP level 1. HP: 20/20 MP: 6/6
   310 | D:1      | Found Omiqol's Book Shop.
   323 | D:1      | Reached XP level 2. HP: 26/26 MP: 7/7
   346 | D:1      | Learned a level 2 spell: Blink
   411 | D:1      | Found a faded altar of an unknown god.
  1075 | D:1      | You fall into a shaft and drop 1 floor!
  1077 | D:2      | Reached XP level 3. HP: 31/31 MP: 9/9
  1100 | D:2      | Slain by a gnoll

Illustrated notes

Levels and vault maps discovered:
D:1:      heliophobic_arrival_dark_side_of_the_moon, layout_loops_corners,
          serial_shops, shop, shapermc_ecumenical_altar_notcrosses
D:2:      layout_basic

Action                   || total
-------------------------++-------
Melee: Spear             ||    78
       Bite              ||     4
 Stab: Sleeping          ||     3
Armor: Leather armour    ||    12
Dodge: Dodged            ||    37
